 Dungeon Crawl Stone Soup version 0.29-a0-393-g47a863cc1b (webtiles) character file.

Game seed: 445548076225733414

57 Kenran the Ducker (level 3, 0/18 HPs)
             Began as a Spriggan Transmuter on May 9, 2022.
             Splashed by a jelly's acid (10 damage)
             ... on level 3 of the Dungeon.
             The game lasted 00:09:40 (3538 turns).

Kenran the Ducker (Spriggan Transmuter)             Turns: 3538, Time: 00:09:41

Health: 0/18       AC: -2    Str:  6    XL:     3   Next: 73%
Magic:  16/17      EV: 18    Int: 16    God:
Gold:   82         SH:  0    Dex: 21    Spells: 6/7 levels left

rFire   . . .      SeeInvis +     - Unarmed
rCold   . . .      Faith    .   (no shield)
rNeg    . . .      Spirit   .   a - +0 robe
rPois   .          Reflect  .   (helmet currently unavailable)
rElec   .          Harm     .   (no cloak)
rCorr   .          Rampage  .   (gloves unavailable)
Will    .....                   (boots unavailable)
Stlth   +++.......              (no amulet)
HPRegen 0.06/turn               c - ring of magical power
MPRegen 0.15/turn               k - +6 ring of dexterity

@: appendages, corroded, very quick
A: horns 2, talons 2, very small, no large weapons, unfitting armour, see
invisible, speed 3
a: End Transformation


You were on level 3 of the Dungeon.
You had temporarily grown beastly horns and talons.
You visited 1 branch of the dungeon, and saw 3 of its levels.

You collected 82 gold pieces.

Inventory:

Hand Weapons
 h - a +0 lajatang of electrocution
Missiles
 l - 4 poisoned darts
Armour
 a - a +0 robe (worn)
Jewellery
 c - a ring of magical power (left hand)
 k - a +6 ring of dexterity (right hand)
Scrolls
 b - a scroll of blinking {unknown}
 d - a scroll of magic mapping
 f - a scroll of fear
 g - a scroll of vulnerability {!r}
 i - a scroll of enchant armour {unknown}
 m - a scroll of silence {unknown}
 n - a scroll of enchant weapon {unknown}
Potions
 e - 2 potions of curing {@q1}
 j - a potion of cancellation {unknown}


   Skills:
 - Level 1.0 Fighting
 + Level 3.3 Dodging
 * Level 3.2 Stealth
 * Level 3.1 Unarmed Combat
 - Level 2.6 Spellcasting
 - Level 2.6 Transmutations


You had 6 spell levels left.
You knew the following spells:

 Your Spells              Type           Power      Damage    Failure   Level
a - Beastly Appendage     Tmut           20%        N/A       6%          1

Your spell library contained the following spells:

 Spells                   Type           Power      Damage    Failure   Level
 Wereblood                Tmut           10%        N/A       10%         2
 Spider Form              Tmut/Pois      6%         N/A       32%         3
 Dazzling Flash           Conj/Hex       4%         N/A       50%         3
 Ice Form                 Ice/Tmut       6%         N/A       73%         4
 Agony                    Necr           2%         N/A       99%         5
 Silence                  Hex/Air        1%         N/A       99%         5
 Conjure Ball Lightning   Conj/Air       1%         3x3d6     100%        6
 Discord                  Hex            1%         N/A       100%        8
 Disjunction              Tloc           1%         N/A       100%        8


Dungeon Overview and Level Annotations

Branches:
Dungeon (3/15)

Altars:

Annotations:
D:2 exclusion: adder
D:3 Sigmund


Innate Abilities, Weirdness & Mutations

You have temporarily grown beastly horns and talons.
You are very small and have problems with some larger weapons.
You are too small for most types of armour.
You have supernaturally acute eyesight. (SInv)
You cover ground extremely quickly. (Speed+++)


Message History

The kobold barely misses you.
You hit the kobold. Your kick misses the kobold.
You headbutt the kobold, but do no damage.
The kobold is severely wounded.
You hit the kobold.
You kill the kobold!
Your transformation is almost over.
Things that are here:
a +0 whip; 4 stones; a kobold corpse You start resting.
Your horns disappear.
Your talons disappear.
You start resting.
HP restored.
Things that are here:
a +0 whip; 4 stones; a kobold corpse
Found a scale mail.
n - a scroll labelled TURGHON ICWODA An endoplasm comes into view.
The endoplasm quivers.
You hit the endoplasm.
The endoplasm is severely wounded.
The endoplasm hits you.
You completely miss the endoplasm.
The endoplasm is severely wounded.
The endoplasm hits you.
You hit the endoplasm.
You kill the endoplasm!
No target in view!
No target in view!
You start resting.
A jelly is nearby!
A jelly is nearby!
Casting: Beastly Appendage (safe; 6% risk of failure)
Confirm with . or Enter, or press ? or * to list all spells.
You grow a pair of large bovine horns.
Your feet morph into talons.
You hit the jelly.
Your hands burn!
You claw the jelly. You headbutt the jelly.
The jelly is severely wounded.
The jelly hits you. The acid corrodes you!
You are splashed with acid!
Ouch! That really hurt!
You die...

............†.S.......#.#
..#..#.....#.........###.# #
######...........<.###.####
#...#.##.#...........#
#.............###.##.#
#.............# #.##.#
#.....#.......###.##.#
+....J...............#
#...#@#.......###.##.#
#.............# #.##.#
#.............# #.##.#
#.............###.##.#
############.....................
......†.........................#
#....................###.(##.##.#
#.###.###..#.........# #..##.##.#
#...)..........#.##..# #..##.##.#


You could see a jelly.

Vanquished Creatures
  A worm (D:3)
  4 bats (D:1)
  5 endoplasms
  4 giant cockroaches
  7 goblins
  10 hobgoblins
  4 kobolds
  3 quokkas
  3 ball pythons
  3 frilled lizards (D:2)
  A rat (D:2)
45 creatures vanquished.

Notes
Turn   | Place    | Note
-------+----------+-------------------------------------------
     0 | D:1      | Kenran the Spriggan Transmuter began the quest for the Orb.
     0 | D:1      | Reached XP level 1. HP: 9/9 MP: 5/5
   310 | D:1      | Reached skill level 1 in Stealth
   560 | D:1      | Reached skill level 1 in Fighting
   667 | D:1      | You fall into a shaft and drop 1 floor!
   671 | D:2      | Reached XP level 2. HP: 8/14 MP: 6/6
  2103 | D:2      | Reached XP level 3. HP: 18/18 MP: 8/8
  3262 | D:3      | Noticed Sigmund
  3538 | D:3      | Splashed by a jelly's acid

Illustrated notes

Levels and vault maps discovered:
D:1:      dpeg_cavernosity, layout_loops_cross, chequers_serial_rivers_marsh
D:2:      layout_loops_ring, minmay_goblin_kobold_house
D:3:      layout_basic, mainiacjoe_overflow_tiny_flanked,
          shapermc_ecumenical_altar_notcrosses, feat_on_display, uniq_natasha,
          uniq_sigmund

Skill      XL: |  1  2  3 |
---------------+----------+-----
Stealth        | 1 2 3 |  3.2
Fighting       | 1 |  1.0
Dodging        | 3 |  3.3
Unarmed Combat | 3 |  3.1
Spellcasting   | |  2.6
Transmutations | |  2.6

Action                   || total
-------------------------++-------
Melee: Unarmed           ||   171
       Kick              ||    14
       Punch             ||     4
       Headbutt          ||     8
 Cast: Beastly Appendage ||    13
  Use: Potion            ||     1
       Scroll            ||     5
 Stab: Sleeping          ||     6
Armor: Robe              ||    20
       Skin              ||    29
Dodge: Dodged            ||   114

Table legend: (Time is in decaauts)
 A = Elapsed time spent in this place.
 B = Non-inter-level travel time spent in this place.
 C = Inter-level travel time spent in this place.
 D = Time resting spent in this place.
 E = Time spent auto-exploring this place.
 F = Levels seen in this place.
 G = Mean time per level.
                   A        B        C        D        E       F      G
               +--------+--------+--------+--------+--------+-----+--------+
         Total |   2784 |   2680 |    104 |   1255 |    867 |   3 |  928.0 |
       Dungeon |   2784 |   2680 |    104 |   1255 |    867 |   3 |  928.0 |
               +--------+--------+--------+--------+--------+-----+--------+

Top non-repeatable levels by time:
     D:1: 1572 daAuts
     D:2: 897 daAuts
     D:3: 314 daAuts
